[Event "ICCopen2017"]
[Site "Internet Chess Club"]
[Date "2017.03.26"]
[Round "6"]
[White "beaupre"]
[Black "flashlight"]
[Result "1-0"]
[ICCResult "Black resigns"]
[WhiteElo "1837"]
[BlackElo "2016"]
[Opening "Scandinavian (center counter) defense"]
[ECO "B01"]
[NIC "SD.01"]
[Time "20:06:53"]
[TimeControl "180+0"]

1. e4 d5 2. exd5 Qxd5 3. Nc3 Qa5 4. d4 c6 5. Bd2 Qc7 6. Nf3 Nf6 7. Be2 Bf5
8. O-O e6 9. Nh4 Bg6 10. Bg5 Nbd7 11. Bd3 Bd6 12. Nf3 O-O 13. Bxg6 hxg6 14.
Qd3 a6 15. Rae1 c5 16. d5 exd5 17. Nxd5 Nxd5 18. Qxd5 Nb6 19. Qd3 Rfe8 20.
h3 c4 21. Qd2 Rac8 22. c3 Bc5 23. Bf4 Qc6 24. Be3 Rcd8 25. Qc1 Bxe3 26. Rxe3
Nd5 27. Rxe8+ Rxe8 28. Nd4 Qf6 29. Re1 Re5 30. Qd2 Nf4 31. Rxe5 Qxe5 32. Nf3
Qe4 33. Qd8+ {Black resigns} 1-0

[Event "ICCopen2017"]
[Site "Internet Chess Club"]
[Date "2017.03.26"]
[Round "6"]
[White "leonardoalmeida"]
[Black "KH"]
[Result "1-0"]
[ICCResult "Black resigns"]
[WhiteElo "1855"]
[BlackElo "2063"]
[Opening "Van't Kruijs opening"]
[ECO "A00"]
[Time "20:07:44"]
[TimeControl "180+0"]

1. e3 g5 2. b3 Bg7 3. Nc3 c5 4. Bb2 d6 5. h4 g4 6. h5 Nc6 7. Be2 f5 8. e4 e6
9. exf5 exf5 10. Bc4 Ne5 11. Qe2 Kf8 12. O-O-O Nh6 13. f3 gxf3 14. Nxf3 Nhf7
15. Nxe5 dxe5 16. Bxf7 Kxf7 17. h6 Bf6 18. Qh5+ Kf8 19. Rhf1 Rg8 20. Rxf5
Bxf5 21. Qxf5 Qe7 22. Nd5 Qf7 23. Qxf6 Rg6 24. Qxf7+ Kxf7 25. Bxe5 Rxg2 26.
Bg7 Rd8 27. Rf1+ Ke6 28. Nf4+ {Black resigns} 1-0

[Event "ICCopen2017"]
[Site "Internet Chess Club"]
[Date "2017.03.26"]
[Round "6"]
[White "Activekids"]
[Black "Zephyr"]
[Result "1-0"]
[ICCResult "Black resigns"]
[WhiteElo "1986"]
[BlackElo "1620"]
[Opening "French: exchange variation"]
[ECO "C01"]
[NIC "FR.01"]
[Time "20:07:39"]
[TimeControl "180+0"]

1. e4 e6 2. d4 d5 3. exd5 exd5 4. c4 Bb4+ 5. Nc3 Ne7 6. Nf3 Nbc6 7. Bd3 Bg4
8. O-O Nxd4 9. Qa4+ Ndc6 10. Ne5 Bd7 11. Nxc6 Nxc6 12. Re1+ Be6 13. cxd5
Bxc3 14. dxc6 Bxe1 15. cxb7+ Kf8 16. bxa8=Q Qxa8 17. Bf4 Bxf2+ 18. Kxf2 Qb7
19. Qa3+ Kg8 20. Rc1 Qb6+ 21. Be3 Qd6 22. Qxd6 cxd6 23. Rc7 f6 24. Re7 Bxa2
25. Rxa7 {Black resigns} 1-0

[Event "ICCopen2017"]
[Site "Internet Chess Club"]
[Date "2017.03.26"]
[Round "6"]
[White "croder"]
[Black "justlucky"]
[Result "1-0"]
[ICCResult "Black forfeits on time"]
[WhiteElo "1507"]
[BlackElo "1183"]
[Opening "Pirc: classical (two knights) system"]
[ECO "B08"]
[NIC "PU.10"]
[Time "20:06:28"]
[TimeControl "180+0"]

1. Nf3 Nf6 2. d4 d6 3. Nc3 g6 4. e4 Bg7 5. Be3 O-O 6. Bd3 Bg4 7. Qd2 Bxf3 8.
gxf3 a5 9. O-O-O a4 10. Kb1 c6 11. a3 b5 12. Na2 Nbd7 13. c3 c5 14. dxc5
Nxc5 15. Bxb5 Nb3 16. Qc2 Rb8 17. Bxa4 Nc5 18. Bxc5 Qc7 19. Bb4 Nd7 20. Bxd7
Qxd7 21. Qd3 Rfc8 22. h4 Rb6 23. h5 e6 24. hxg6 fxg6 25. f4 d5 26. exd5 e5
27. fxe5 Bxe5 28. Qh3 Qc7 29. d6 Bxd6 30. Bxd6 Qb7 31. Qe6+ Kh8 32. Be5+
{Black forfeits on time}
1-0

[Event "ICCopen2017"]
[Site "Internet Chess Club"]
[Date "2017.03.26"]
[Round "6"]
[White "DEHO"]
[Black "Brothersinarms"]
[Result "1-0"]
[ICCResult "Black resigns"]
[WhiteElo "2076"]
[BlackElo "1863"]
[Opening "Queen's pawn: Charlick (Englund) gambit"]
[ECO "A40"]
[NIC "QO.17"]
[Time "20:06:21"]
[TimeControl "180+0"]

1. d4 e5 2. dxe5 d6 3. Nf3 Bg4 4. Bf4 Nc6 5. exd6 Qf6 6. Qc1 Bxd6 7. Bxd6
Qxd6 8. Qe3+ Nge7 9. Nc3 O-O 10. h3 Nf5 11. Qd3 Bxf3 12. Qxd6 cxd6 13. gxf3
Nb4 14. O-O-O Rac8 15. a3 Nc6 16. e3 Rfd8 17. f4 a6 18. Bg2 b5 19. Nd5 Kf8
20. Rhe1 a5 21. Be4 Nfe7 22. Nxe7 Kxe7 23. Rd5 b4 24. a4 b3 25. c3 Nb4 26.
Rxa5 d5 27. Bb1 Na2+ 28. Kd2 Rc6 29. Bxa2 bxa2 30. Ra1 Rh6 31. Rxa2 Rxh3 32.
Ra7+ Kf6 33. a5 Rh2 34. Ke2 d4 35. cxd4 Rc8 36. b4 h6 37. Rb7 g5 38. fxg5+
hxg5 39. a6 g4 40. a7 Rc1 41. a8=Q Rhh1 42. Qd8+ Kg7 43. Qg5+ Kf8 44. Rb8+
{Black resigns}
1-0

[Event "ICCopen2017"]
[Site "Internet Chess Club"]
[Date "2017.03.26"]
[Round "6"]
[White "BronStorm"]
[Black "TerryR"]
[Result "0-1"]
[ICCResult "White forfeits on time"]
[WhiteElo "1857"]
[BlackElo "2256"]
[Opening "French: MacCutcheon, Janowski variation"]
[ECO "C12"]
[NIC "FR.05"]
[Time "20:06:43"]
[TimeControl "180+0"]

1. e4 e6 2. d4 d5 3. Nc3 Nf6 4. Bg5 Bb4 5. e5 h6 6. Be3 Ne4 7. Qg4 Kf8 8. a3
Bxc3+ 9. bxc3 c5 10. Bd3 Nxc3 11. dxc5 Nc6 12. Nf3 f5 13. exf6 Qxf6 14. Qh5
e5 15. Bg6 Kg8 16. O-O Be6 17. Rfe1 Rf8 18. Bd2 e4 19. Bxc3 Qxc3 20. Nh4
Qxc5 21. Rf1 Qe7 22. Rae1 Qg5 23. g3 Ne5 24. f4 exf3 25. Rxe5 Qxh5 26. Bxh5
Rf6 27. Rxf3 Bf7 28. Bxf7+ Kxf7 29. Rxf6+ gxf6 30. Rxd5 Rc8 31. Rd2 Rc3 32.
Kf2 Rxa3 33. Nf5 h5 {White forfeits on time} 0-1

[Event "ICCopen2017"]
[Site "Internet Chess Club"]
[Date "2017.03.26"]
[Round "6"]
[White "tonychess2014"]
[Black "DukeBishop"]
[Result "1/2-1/2"]
[ICCResult "Game drawn by repetition"]
[WhiteElo "1777"]
[BlackElo "1550"]
[Opening "Sicilian: Alapin's variation (2.c3)"]
[ECO "B22"]
[NIC "SI.46"]
[Time "20:06:15"]
[TimeControl "180+0"]

1. e4 c5 2. c3 d5 3. exd5 Qxd5 4. d4 Nf6 5. Nf3 Nc6 6. Be2 Bg4 7. O-O e6 8.
Be3 cxd4 9. cxd4 Be7 10. Nc3 Qd8 11. Ne5 Nxe5 12. dxe5 Qxd1 13. Rfxd1 Bxe2
14. Nxe2 Nd5 15. Nf4 Nxe3 16. fxe3 Bc5 17. Kf2 Ke7 18. Kf3 Rhd8 19. a3 g6
20. Nd3 Bb6 21. Nb4 Rxd1 22. Rxd1 Rd8 23. Rxd8 Kxd8 24. Nd3 Kd7 25. b4 Kc6
26. Ke4 Kb5 27. Nb2 a5 28. bxa5 Bxa5 29. Kd3 Bc7 30. Kd4 Bb6+ 31. Kd3 Bc7
32. Ke4 Ba5 33. Kd4 Bb6+ 34. Kd3 Bc7 {Game drawn by repetition} 1/2-1/2

[Event "ICCopen2017"]
[Site "Internet Chess Club"]
[Date "2017.03.26"]
[Round "6"]
[White "F83"]
[Black "Ricardov"]
[Result "1-0"]
[ICCResult "Black resigns"]
[WhiteElo "1891"]
[BlackElo "2163"]
[Opening "Four knights: Scotch, 4...exd4"]
[ECO "C47"]
[NIC "KP.06"]
[Time "20:06:51"]
[TimeControl "180+0"]

1. e4 e5 2. Nf3 Nc6 3. Nc3 Nf6 4. d4 exd4 5. Nxd4 Bb4 6. Nxc6 dxc6 7. Bd3
Ng4 8. h3 Qh4 9. g3 Qh5 10. Be2 Qe5 11. hxg4 Qxe4 12. O-O Bxc3 13. bxc3 Be6
14. Re1 Rd8 15. Bd3 Qa4 16. Qe2 O-O 17. c4 Rde8 18. Qe4 f5 19. Qd4 fxg4 20.
Bb2 Rf7 21. Qe4 Rf5 22. Qxg4 {Black resigns} 1-0

[Event "ICCopen2017"]
[Site "Internet Chess Club"]
[Date "2017.03.26"]
[Round "6"]
[White "GreyWarden"]
[Black "Mandragora"]
[Result "1-0"]
[ICCResult "Black resigns"]
[WhiteElo "1980"]
[BlackElo "1561"]
[Opening "Sicilian: Canal-Sokolsky (Nimzovich-Rossolimo, Moscow) attack"]
[ECO "B51"]
[NIC "SI.01"]
[Time "20:06:19"]
[TimeControl "180+0"]

1. e4 c5 2. Nf3 d6 3. Bb5+ Nd7 4. O-O a6 5. Bxd7+ Bxd7 6. c3 e5 7. d4 cxd4
8. cxd4 exd4 9. Qxd4 Nf6 10. Nc3 Rc8 11. Bg5 Be7 12. Bxf6 gxf6 13. Nd5 b5
14. Rac1 O-O 15. Rxc8 Bxc8 16. Rd1 Bg4 17. h3 Bxf3 18. gxf3 Kh8 19. Nxe7
Qxe7 20. Qxd6 Rg8+ 21. Kf1 Re8 22. Qxe7 Rxe7 23. Rd6 Re6 24. Rxe6 fxe6 25.
Ke2 Kg7 26. f4 Kg6 27. Kf3 Kh5 28. Kg3 a5 29. f5 exf5 30. exf5 Kg5 31. f4+
Kxf5 32. Kf3 b4 33. b3 h6 34. Ke3 Kg6 35. Ke4 f5+ 36. Ke5 h5 37. h4
{Black resigns}
1-0

[Event "ICCopen2017"]
[Site "Internet Chess Club"]
[Date "2017.03.26"]
[Round "6"]
[White "hgarjur"]
[Black "Palse"]
[Result "0-1"]
[ICCResult "White resigns"]
[WhiteElo "1904"]
[BlackElo "2290"]
[Opening "Bird's opening"]
[ECO "A03"]
[NIC "VO.07"]
[Time "20:06:21"]
[TimeControl "180+0"]

1. f4 d5 2. g3 Nf6 3. Bg2 g6 4. Nf3 Bg7 5. d3 O-O 6. O-O c5 7. a3 Nc6 8. Qe1
Qc7 9. e4 d4 10. Nbd2 b5 11. h3 c4 12. Nh4 c3 13. bxc3 dxc3 14. Nb3 Be6 15.
Nc5 Bc8 16. Be3 Nd7 17. Rb1 Nxc5 18. Bxc5 Nd4 19. Bxd4 Bxd4+ 20. Kh2 Rb8 21.
f5 Rb6 22. Nf3 Bg7 23. Nh4 a5 24. Kh1 b4 25. axb4 axb4 26. g4 Bd7 27. Nf3
Ba4 28. Qf2 b3 29. cxb3 Rxb3 30. Rbc1 Qb7 31. Qe3 Rb2 32. d4 c2 33. e5 Bc6
34. Ne1 Bxg2+ 35. Nxg2 Rb3 36. Qf2 Rxh3+ 37. Kg1 Qe4 38. Rxc2 Qxg4 39. f6
exf6 40. exf6 Bh6 41. Re2 Qh5 42. Qf3 Rxf3 43. Rxf3 Qxf3 44. Rf2 Qd3 45. Kh2
Qxd4 46. Rf3 Bg5 47. Rh3 Bxf6 48. Nh4 Bxh4 49. Rxh4 Qxh4+ 50. Kg2
{White resigns}
0-1

[Event "ICCopen2017"]
[Site "Internet Chess Club"]
[Date "2017.03.26"]
[Round "6"]
[White "rickky20"]
[Black "nikenwidiartto"]
[Result "1-0"]
[ICCResult "Black checkmated"]
[WhiteElo "1684"]
[BlackElo "1849"]
[Opening "QGD Slav defense: exchange variation"]
[ECO "D10"]
[NIC "SL.01"]
[Time "20:07:36"]
[TimeControl "180+0"]

1. d4 d5 2. c4 c6 3. cxd5 Nf6 4. Nc3 cxd5 5. Bf4 Nc6 6. e3 a6 7. Bd3 Bg4 8.
f3 Bh5 9. Nge2 e6 10. O-O Be7 11. g4 Bg6 12. h4 Bxd3 13. Qxd3 h5 14. g5 Ng8
15. Rf2 Bd6 16. Bxd6 Qxd6 17. Nf4 Nge7 18. g6 f6 19. Rh2 O-O-O 20. Rc1 Nf5
21. Na4 e5 22. dxe5 fxe5 23. Ne2 Kb8 24. Qb3 d4 25. e4 Ne3 26. Nc5 Qxg6+ 27.
Kh1 Qf7 28. Qxf7 Rhf8 29. Qxb7# {Black checkmated} 1-0

[Event "ICCopen2017"]
[Site "Internet Chess Club"]
[Date "2017.03.26"]
[Round "6"]
[White "Magagna"]
[Black "ChessOptimist"]
[Result "0-1"]
[ICCResult "White resigns"]
[WhiteElo "1708"]
[BlackElo "2054"]
[Opening "Dutch"]
[ECO "A80"]
[NIC "HD.12"]
[Time "20:06:29"]
[TimeControl "180+0"]

1. d4 f5 2. Nf3 Nf6 3. Bf4 g6 4. e3 Bg7 5. c4 O-O 6. Nc3 d6 7. Qb3 c6 8. Be2
h6 9. O-O g5 10. Bg3 Qe8 11. h3 Kh7 12. Bd3 Kh8 13. Qc2 Ng8 14. Rfe1 e5 15.
dxe5 dxe5 16. e4 f4 17. Bh2 Be6 18. Rad1 Nd7 19. Na4 Bf6 20. b4 Qe7 21. a3
h5 22. c5 g4 23. hxg4 hxg4 24. Nd2 Qf7 25. Bc4 Rae8 26. Bxe6 Rxe6 27. Nc4
Bg7 28. Rd3 Rh6 29. Kf1 Rxh2 30. Red1 Rh1+ 31. Ke2 f3+ 32. gxf3 gxf3+ 33.
Kd2 Bh6+ 34. Kc3 Rxd1 35. Qxd1 Ndf6 36. Nxe5 Qg7 37. Nxf3 Nxe4+ 38. Kc2 Qg6
39. Nc3 Nxf2 40. Qe2 Qxd3+ 41. Qxd3 Nxd3 42. Kxd3 Rxf3+ {White resigns} 0-1

[Event "ICCopen2017"]
[Site "Internet Chess Club"]
[Date "2017.03.26"]
[Round "6"]
[White "trianon"]
[Black "Kiketf"]
[Result "0-1"]
[ICCResult "White forfeits on time"]
[WhiteElo "2250"]
[BlackElo "2020"]
[Opening "QGD Slav: Wiesbaden variation"]
[ECO "D17"]
[NIC "SL.04"]
[Time "20:06:28"]
[TimeControl "180+0"]

1. Nf3 d5 2. d4 c6 3. c4 Nf6 4. Nc3 dxc4 5. a4 Bf5 6. Ne5 e6 7. Nxc4 Nbd7 8.
g3 Nb6 9. Ne5 Nfd7 10. Nxd7 Qxd7 11. e4 Bg6 12. Bg2 Be7 13. O-O O-O 14. Qe2
Qxd4 15. Rd1 Qc4 16. Qxc4 Nxc4 17. Rd7 Bf6 18. Rxb7 Rfb8 19. Rxb8+ Rxb8 20.
Bf4 Rxb2 21. Rc1 Bxc3 22. Rxc3 Rb1+ 23. Bf1 Bxe4 24. Rxc4 Rxf1+ 25. Kxf1
Bd3+ 26. Ke1 Bxc4 27. Be3 a5 28. Bb6 Bb3 29. Bxa5 Bxa4 30. Kd2 f6 31. Ke3 e5
32. f4 exf4+ 33. gxf4 Kf7 34. Bb6 g5 35. fxg5 fxg5 36. Bc7 Kf6 37. Kd4 Kf5
38. Bd6 h5 39. Bc7 h4 40. Bd6 Kg4 41. Bc7 Kh3 42. Ke3 g4 43. Kf2 c5 44. Be5
c4 45. Kg1 Bc6 46. Kf2 Be8 47. Kg1 g3 48. hxg3 hxg3 49. Bc3 Kg4 50. Be5 Kf3
51. Bc3 Bc6 52. Be5 g2 53. Bc3 Ke2 {White forfeits on time} 0-1

[Event "ICCopen2017"]
[Site "Internet Chess Club"]
[Date "2017.03.26"]
[Round "6"]
[White "SPARNALIQ"]
[Black "Filiron"]
[Result "1-0"]
[ICCResult "Black resigns"]
[WhiteElo "3108"]
[BlackElo "2175"]
[Opening "French: Steinitz variation"]
[ECO "C11"]
[NIC "FR.04"]
[Time "20:07:24"]
[TimeControl "180+0"]

1. e4 e6 2. d4 d5 3. Nc3 Nf6 4. e5 Nfd7 5. Nce2 c5 6. c3 Nc6 7. f4 Be7 8.
Nf3 O-O 9. f5 exf5 10. Nf4 cxd4 11. cxd4 Nb6 12. Bd3 Be6 13. O-O Qd7 14. a3
a5 15. Qe1 Kh8 16. Qg3 Rg8 17. Nh5 Nc4 18. b3 Nb6 19. Bb5 Qd8 20. Bxc6 bxc6
21. Ng5 Bxg5 22. Bxg5 Qf8 23. Nf6 gxf6 24. Bxf6+ Rg7 25. Rf3 Nd7 26. Bxg7+
Qxg7 27. Qh4 Qg4 28. Qf2 Rg8 29. Rc1 Nf8 30. Rg3 Qe4 31. Re1 Ng6 32. Rxe4
dxe4 33. Rc3 Bd5 34. Qxf5 Re8 35. Rxc6 Bxc6 36. Qf6+ Kg8 37. Qxc6 Rd8 38.
Qxe4 {Black resigns} 1-0

[Event "ICCopen2017"]
[Site "Internet Chess Club"]
[Date "2017.03.26"]
[Round "6"]
[White "fairplay"]
[Black "gibert"]
[Result "0-1"]
[ICCResult "White resigns"]
[WhiteElo "1265"]
[BlackElo "1507"]
[Opening "Queen's pawn game"]
[ECO "D02"]
[NIC "QP.09"]
[Time "20:07:17"]
[TimeControl "180+0"]

1. Nf3 d5 2. d4 e6 3. c3 Nf6 4. Bg5 Be7 5. a4 O-O 6. Nbd2 b6 7. e3 c5 8. Bd3
Ba6 9. Qe2 Bxd3 10. Qxd3 c4 11. Qc2 Nc6 12. O-O Rc8 13. h3 h6 14. Bxf6 Bxf6
15. Nh2 Ne7 16. f4 Ng6 17. Ng4 Bh4 18. Nf3 f5 19. Nge5 Nxe5 20. Nxe5 Bf6 21.
Nf3 Qd6 22. Qe2 Kh7 23. g4 g5 24. gxf5 exf5 25. Ne5 Bxe5 26. fxe5 Qe7 27.
Qh5 Rf7 28. Rf2 Rcf8 29. Raf1 Qe6 30. h4 Qg6 31. Qxg6+ Kxg6 32. hxg5 hxg5
33. Rh2 Rh7 34. Kg2 Rxh2+ 35. Kxh2 Rh8+ 36. Kg3 Rh4 37. Rf2 Rg4+ 38. Kh3 Re4
39. Re2 f4 {White resigns} 0-1

[Event "ICCopen2017"]
[Site "Internet Chess Club"]
[Date "2017.03.26"]
[Round "6"]
[White "applepear"]
[Black "wmanthony"]
[Result "0-1"]
[ICCResult "White forfeits on time"]
[WhiteElo "1076"]
[BlackElo "1347"]
[Opening "Philidor: exchange variation"]
[ECO "C41"]
[NIC "KP.08"]
[Time "20:06:09"]
[TimeControl "180+0"]

1. e4 e5 2. Nf3 d6 3. d4 exd4 4. Nxd4 Nf6 5. Nc3 Be7 6. Bc4 O-O 7. O-O Bd7
8. Re1 Nc6 9. Nxc6 Bxc6 10. Bf4 Nd7 11. Qg4 Bf6 12. Nd5 Bxb2 13. Rab1 Be5
14. Bxe5 Nxe5 15. Qe2 Nxc4 16. Qxc4 a6 17. Nf4 Re8 18. f3 Qf6 19. Nd3 Rac8
20. Nb4 Bb5 21. Qb3 Qd4+ 22. Kh1 c5 23. Nd3 c4 24. Qb2 Qa7 25. Nb4 Bc6 26.
Rbd1 Red8 {White forfeits on time} 0-1

[Event "ICCopen2017"]
[Site "Internet Chess Club"]
[Date "2017.03.26"]
[Round "6"]
[White "checkmatiste"]
[Black "uggi"]
[Result "0-1"]
[ICCResult "White resigns"]
[WhiteElo "1636"]
[BlackElo "1933"]
[Opening "King's Indian: Torre attack"]
[ECO "A48"]
[NIC "QP.01"]
[Time "20:06:36"]
[TimeControl "180+0"]

1. d4 Nf6 2. Nf3 g6 3. Bg5 Bg7 4. c3 d6 5. Nbd2 b6 6. e4 O-O 7. Be2 Bb7 8.
Bxf6 Bxf6 9. O-O Bg7 10. Re1 Nd7 11. Bf1 c5 12. Nb3 a6 13. Rc1 b5 14. dxc5
dxc5 15. Qd2 Qc7 16. Rcd1 Rad8 17. Qe3 c4 18. Nbd4 Nc5 19. Rd2 Nxe4 20. Rdd1
e5 21. Nc2 Rxd1 22. Rxd1 Nc5 23. Nb4 Re8 24. Nd2 Na4 25. Ne4 Nxb2 26. Rb1
Na4 27. g3 f5 28. Ng5 e4 29. h4 Nxc3 30. Rc1 Nd5 31. Nxd5 Bxd5 32. Nh3 Bf7
33. Nf4 b4 34. Be2 c3 35. h5 g5 36. Nh3 h6 37. Bxa6 Bxh5 38. Be2 Bf7 39. Bd1
Bxa2 40. Ba4 Rd8 41. Ra1 Bf7 42. Rb1 c2 43. Rc1 b3 44. Bxb3 Rd1+ 45. Kg2 f4
46. gxf4 gxf4 47. Nxf4 Rxc1 48. Qxe4 Rg1+ 49. Kxg1 c1=Q+ 50. Kg2 Q1xf4 51.
Bxf7+ Qcxf7 52. Qa8+ Kh7 53. Qf3 Qxf3+ {White resigns} 0-1

[Event "ICCopen2017"]
[Site "Internet Chess Club"]
[Date "2017.03.26"]
[Round "6"]
[White "blunder23"]
[Black "ComeonJimtal"]
[Result "0-1"]
[ICCResult "White checkmated"]
[WhiteElo "1457"]
[BlackElo "1776"]
[Opening "Scandinavian (center counter) defense"]
[ECO "B01"]
[NIC "VO.17"]
[Time "20:06:21"]
[TimeControl "180+0"]

1. e4 d5 2. exd5 c6 3. dxc6 e5 4. Nc3 Bc5 5. cxb7 Bxb7 6. Bb5+ Nc6 7. Nf3
Qb6 8. Nxe5 Bxf2+ 9. Kf1 Bh4 10. Qe2 O-O-O 11. Nxf7 Rf8 12. Qe6+ Kb8 13.
Qd6+ Ka8 14. Qxf8+ Nb8 15. Nxh8 Nf6 16. g3 Bxh1 17. d3 Qb7 18. gxh4 Qg2+ 19.
Ke1 Qg1+ 20. Kd2 Qf2+ 21. Ne2 Ne4+ 22. dxe4 Qxf8 23. Kc3 Qc5+ 24. Bc4 Bxe4
25. Bf4 Nc6 26. Rd1 Qb4# {White checkmated} 0-1

[Event "ICCopen2017"]
[Site "Internet Chess Club"]
[Date "2017.03.26"]
[Round "6"]
[White "psychopat2016"]
[Black "Mormegil"]
[Result "0-1"]
[ICCResult "White resigns"]
[WhiteElo "1261"]
[BlackElo "1712"]
[Opening "Van't Kruijs opening"]
[ECO "A00"]
[Time "20:06:30"]
[TimeControl "180+0"]

1. e3 d5 2. g3 g6 3. Bg2 c6 4. b3 Bg7 5. Nc3 b5 6. Bb2 Nd7 7. Nge2 Ngf6 8.
Rc1 O-O 9. Ba1 Qb6 10. O-O e5 11. d4 e4 12. f3 Re8 13. fxe4 dxe4 14. d5 cxd5
15. Nxd5 Bb7 16. Nxb6 Nxb6 17. Qe1 Ng4 18. Nd4 Bh6 19. Qe2 Bxe3+ 20. Kh1
Bxc1 21. Rxc1 Rad8 22. Qxg4 Nd5 23. c4 Ne3 24. Qe2 Nxg2 25. Qxg2 Rd7 26. Kg1
e3 27. Qe2 bxc4 28. Rxc4 Ba6 29. Nc6 Bxc4 30. Qxc4 e2 31. Bc3 Rd1+ 32. Kf2
Rf1+ 33. Kg2 Rc1 34. Qd4 Rxc3 35. Qxc3 e1=Q 36. Ne7+ Qxe7 37. Qf3 Qe4 38.
Qxe4 Rxe4 {White resigns} 0-1

[Event "ICCopen2017"]
[Site "Internet Chess Club"]
[Date "2017.03.26"]
[Round "6"]
[White "VrloJakMK"]
[Black "Baerenstarker"]
[Result "1-0"]
[ICCResult "Black resigns"]
[WhiteElo "2017"]
[BlackElo "1844"]
[Opening "Nimzo-Indian: 4.e3, main line with ...b6"]
[ECO "E52"]
[NIC "NI.06"]
[Time "20:06:39"]
[TimeControl "180+0"]

1. d4 Nf6 2. c4 e6 3. Nc3 Bb4 4. e3 O-O 5. Bd3 d5 6. Nf3 b6 7. c5 bxc5 8.
dxc5 Bxc5 9. O-O Be7 10. b3 c5 11. Bb2 Ba6 12. Rc1 Bxd3 13. Qxd3 Nc6 14. Na4
Nb4 15. Qb1 Qb6 16. Nxb6 axb6 17. a3 Nc6 18. Rfd1 Rfd8 19. Ng5 h6 20. Bxf6
Bxf6 21. Qh7+ Kf8 22. Nf3 Rxa3 23. g4 Rxb3 24. h4 c4 25. g5 hxg5 26. hxg5
Bb2 27. Rc2 c3 28. g6 fxg6 29. Ng5 Re8 30. Qh8+ Ke7 31. Qxg7+ Kd6 32. Qxg6
Re7 33. e4 Nb4 34. Rxd5+ Nxd5 35. exd5 Rb4 36. Nxe6 Kxd5 37. Qf5+ Kd6 38.
Re2 Ra4 39. Qd3+ Kc6 40. Nd8+ Kc5 41. Rxe7 Ra1+ 42. Kg2 Kb4 43. Nc6+ Kb3 44.
Re2 Ra4 45. Qc2+ Ka3 46. Ne5 b5 47. Re3 b4 48. Nc4+ Ka2 49. Qxa4+ Kb1 50.
Re1+ Bc1 51. Qd1 {Black resigns} 1-0

[Event "ICCopen2017"]
[Site "Internet Chess Club"]
[Date "2017.03.26"]
[Round "6"]
[White "rugsy"]
[Black "mrneale"]
[Result "1-0"]
[ICCResult "Black resigns"]
[WhiteElo "1425"]
[BlackElo "1123"]
[Opening "Ruy Lopez: exchange variation"]
[ECO "C68"]
[NIC "RL.08"]
[Time "20:06:17"]
[TimeControl "180+0"]

1. e4 e5 2. Nf3 Nc6 3. Bb5 a6 4. Bxc6 dxc6 5. d4 exd4 6. Qxd4 Qxd4 7. Nxd4
Bd6 8. f4 c5 9. Nf3 Bg4 10. e5 Bxf3 11. gxf3 Be7 12. h4 Rd8 13. Be3 b6 14.
Nd2 f6 15. e6 Rd6 16. f5 g6 17. Bf4 Rd5 18. Bxc7 Rxf5 19. O-O-O Bd8 20. Bxd8
Kxd8 21. Ne4+ Ke7 22. Rd6 Rxf3 23. Rc6 Re3 24. Nc3 Nh6 25. Nd5+ Kd8 26. Nxe3
Nf5 27. Nxf5 gxf5 28. Rxb6 Re8 29. Rd1+ Kc7 30. Rxa6 f4 31. Ra7+ Kb6 32.
Rxh7 f3 33. e7 f2 34. Rf1 Kc6 35. Rxf2 Kd7 36. Rxf6 Rg8 37. Rf1 Ke8 38. b3
Rg2 39. Rf8+ Kd7 40. e8=Q+ {Black resigns} 1-0

[Event "ICCopen2017"]
[Site "Internet Chess Club"]
[Date "2017.03.26"]
[Round "6"]
[White "fishmaster"]
[Black "wolfandcheapgin"]
[Result "1-0"]
[ICCResult "Black checkmated"]
[WhiteElo "1739"]
[BlackElo "1266"]
[Opening "Petrov three knights game"]
[ECO "C42"]
[NIC "RG.01"]
[Time "20:06:30"]
[TimeControl "180+0"]

1. e4 e5 2. Nf3 Nf6 3. Nc3 d6 4. d4 exd4 5. Nxd4 Be7 6. Be2 O-O 7. O-O Nbd7
8. Be3 Ne5 9. f4 Nc6 10. Nxc6 bxc6 11. Bf3 Ba6 12. Re1 Rb8 13. b3 Nd7 14.
Ne2 Nb6 15. Ng3 Qd7 16. Nf5 Bf6 17. Bg4 Qd8 18. Rc1 Bc3 19. Qf3 Bxe1 20.
Rxe1 c5 21. Qg3 Nd7 22. Bf3 Qf6 23. Nh4 Kh8 24. f5 Ne5 25. Bg5 Nxf3+ 26.
Nxf3 Qb2 27. Qh4 Qxc2 28. f6 gxf6 29. Bxf6+ Kg8 30. Qg5# {Black checkmated}
1-0

[Event "ICCopen2017"]
[Site "Internet Chess Club"]
[Date "2017.03.26"]
[Round "6"]
[White "Chamanx"]
[Black "Nc3-4Me"]
[Result "1-0"]
[ICCResult "Black resigns"]
[WhiteElo "1546"]
[BlackElo "1804"]
[Opening "KP: Colorado counter"]
[ECO "B00"]
[NIC "VO.05"]
[Time "20:07:31"]
[TimeControl "180+0"]

1. e4 Nc6 2. Nf3 f5 3. exf5 d5 4. c4 Bxf5 5. cxd5 Qxd5 6. Nc3 Qe6+ 7. Be2
Bd3 8. O-O Bxe2 9. Nxe2 O-O-O 10. Re1 Qd5 11. Nc3 Qh5 12. b4 Nxb4 13. Rb1
Nd3 14. Re3 e5 15. Qb3 b6 16. Ba3 Bxa3 17. Qxa3 Kb7 18. Nb5 a6 19. Nxc7 Kxc7
20. Qxa6 Rb8 21. Rxd3 e4 22. Rc1+ Qc5 23. Rxc5+ bxc5 24. Rb3 exf3 25. gxf3
Rxb3 26. axb3 Nf6 27. Qc4 Kd6 28. d4 cxd4 29. Qxd4+ Ke6 30. b4 Rc8 31. b5
Rc1+ 32. Kg2 g5 33. h4 gxh4 34. Qe3+ Kf5 35. Qxc1 h3+ 36. Kxh3 {Black
resigns} 1-0

[Event "ICCopen2017"]
[Site "Internet Chess Club"]
[Date "2017.03.26"]
[Round "6"]
[White "FGM21"]
[Black "Voltage"]
[Result "0-1"]
[ICCResult "White forfeits on time"]
[WhiteElo "1935"]
[BlackElo "2454"]
[Opening "Sicilian: Anderssen variation"]
[ECO "B41"]
[NIC "SI.41"]
[Time "20:06:18"]
[TimeControl "180+0"]

1. e4 c5 2. Nf3 e6 3. d4 cxd4 4. Nxd4 Nf6 5. Nc3 Nc6 6. g3 Bb4 7. Bg2 d5 8.
exd5 Nxd5 9. Nxc6 bxc6 10. O-O O-O 11. Ne4 Ba6 12. Bg5 f6 13. a3 Bxf1 14.
Qxf1 fxg5 15. axb4 Nxb4 16. Qc4 Nd5 17. Qxc6 Qb6 18. Qxb6 axb6 19. Rd1 Rac8
20. Nxg5 Nc7 21. Rd6 h6 22. Nxe6 Nxe6 23. Bd5 Rxc2 24. Rxe6 Kh8 25. b3 Rcxf2
26. Rxb6 Rf1+ 27. Kg2 R1f2+ 28. Kh3 R2f6 29. Rxf6 gxf6 30. Kg4 Kg7 31. Kf5
Re8 32. Be6 Rb8 33. h4 Rb5+ 34. Kf4 Kg6 35. Bc4 Re5 36. g4 h5 37. Bd3+ Kg7
38. g5 Rd5 39. Bc4 Rd4+ 40. Kf5 Rd6 41. gxf6+ Rxf6+ 42. Kg5 Rh6 43. Be2 Rb6
44. Bc4 Rh6 45. b4 Rc6 46. Be2 Re6 47. Bf1 Rf6 48. Be2 Rf2 49. Bxh5 Rb2 50.
Bg4 Rxb4 51. Bf5 Rb2 52. h5 Rg2+ 53. Bg4 Rf2 54. Kh4 Kh8 55. Kg3 Rb2 56. Kh4
Rb8 57. Kg3 Rb4 58. Kh4 Rb1 59. Kg3 Rh1 60. Kf4 Ra1 61. Kg5 Ra5+
{White forfeits on time}
0-1

[Event "ICCopen2017"]
[Site "Internet Chess Club"]
[Date "2017.03.26"]
[Round "6"]
[White "jefferyx"]
[Black "Darnoc"]
[Result "1-0"]
[ICCResult "Black resigns"]
[WhiteElo "2813"]
[BlackElo "2896"]
[Opening "French: Tarrasch, open variation"]
[ECO "C07"]
[NIC "FR.19"]
[Time "20:06:33"]
[TimeControl "180+0"]

1. e4 e6 2. d4 d5 3. Nd2 c5 4. exd5 Qxd5 5. Ngf3 cxd4 6. Bc4 Qd6 7. O-O Nf6
8. Nb3 Nc6 9. Nbxd4 Nxd4 10. Nxd4 a6 11. Re1 Qc7 12. Qe2 Be7 13. Nf5 O-O 14.
Nxe7+ Qxe7 15. Bf4 b5 16. Bd3 Bb7 17. a4 Nd5 18. Bg3 b4 19. a5 Rfd8 20. Red1
Qf6 21. Be5 Qg5 22. Qe4 g6 23. h4 Qh6 24. Bf1 Rd7 25. Qg4 Rad8 26. Rd4 Ne3
27. Rxd7 Rxd7 28. Qxb4 Nxc2 29. Qa4 Rd5 30. Bf4 Qxh4 31. Rc1 Rh5 32. f3 Nd4
33. Qxd4 Rd5 34. Qe3 g5 35. Bh2 Qb4 36. Be5 h6 37. Bc3 Qd6 38. Bc4 Rd1+ 39.
Rxd1 Qxd1+ 40. Kf2 Qd6 41. Qd4 Qxd4+ 42. Bxd4 Kf8 43. Bf6 Ke8 44. Ke3
{Black resigns}
1-0